 Dungeon Crawl Stone Soup version 0.26-a0-639-g72c4674329 (webtiles) character file.

Game seed: 4463991228608428831

597 DogServant the Skirmisher (level 7, -1/47 HPs)
             Began as a Gargoyle Fighter on Sept 15, 2020.
             Killed by divine providence
             ... invoked by an orc priest
              (10 damage)
             ... on level 5 of the Dungeon.
             The game lasted 00:05:06 (4706 turns).

DogServant the Skirmisher (Gargoyle Fighter)        Turns: 4706, Time: 00:05:07

Health: -1/47      AC: 18    Str: 21    XL:     7   Next: 40%
Magic:  7/7        EV:  3    Int:  9    God:
Gold:   210        SH:  9    Dex:  9    Spells: 6/6 levels left

rFire    . . .     SeeInvis .   z - +3 flail (vorpal)
rCold    . . .     Faith    .   c - +0 kite shield
rNeg     + . .     Spirit   .   t - +1 plate armour
rPois    ∞         Reflect  .   (no helmet)
rElec    +         Harm     .   f - scarf {repulsion}
rCorr    .         Rampage  .   q - +0 pair of gloves
MR       .....                  (no boots)
Stlth    ..........             (no amulet)
HPRegen  0.15/turn              (no ring)
MPRegen  0.10/turn              (no ring)

@: repel missiles
A: negative energy resistance 1, electricity resistance, unbreathing,
petrification resistance, rot immunity, AC +4
a: no special abilities


You were on level 5 of the Dungeon.
You visited 1 branch of the dungeon, and saw 5 of its levels.

You collected 210 gold pieces.

Inventory:

Hand Weapons
 z - a +3 vorpal flail (weapon)
Armour
 c - a +0 kite shield (worn)
 f - a scarf of repulsion (worn)
 q - a +0 pair of gloves (worn)
 t - a +1 plate armour (worn)
 y - a +0 cloak
Jewellery
 v - a cursed ring of teleportation {unknown}
 w - an uncursed ring of positive energy {unknown}
Scrolls
 b - a scroll of enchant armour
 e - a scroll of magic mapping
 g - 4 scrolls of identify
 l - 4 scrolls of remove curse
 o - 4 scrolls of teleportation
 r - 2 scrolls of amnesia
Potions
 a - a potion of flight {unknown}
 d - 2 potions of might
 h - a potion of degeneration {unknown}
 i - 3 potions of curing
 j - a potion of berserk rage {unknown}
 k - a potion of heal wounds
 n - a potion of brilliance
 p - 2 potions of mutation


   Skills:
 + Level 6.7 Fighting
 + Level 5.5 Maces & Flails
 - Level 3.5 Armour
 - Level 3.5 Shields


You had 6 spell levels left.
You didn't know any spells.
Your spell library was empty.

Dungeon Overview and Level Annotations

Branches:
Dungeon (5/15)
 Temple: D:4-7

Altars:


Innate Abilities, Weirdness & Mutations

You are resistant to torment.
Your stone body is resilient. (AC +4)
You are immune to poison.
You resist negative energy. (rN+)
You are resistant to electric shocks. (rElec)
You can survive without breathing.
You are immune to petrification.
You are immune to rotting.


Message History

You block the orc's attack.
You barely miss the orc. The orc hits you but does no damage.
You barely miss the orc.
The orc priest calls down the wrath of Beogh upon you.
Beogh smites you!
* * * LOW HITPOINT WARNING * * *
You block the orc's attack.
You closely miss the orc. The orc hits you but does no damage.
You feel much better. The orc hits you but does no damage.
You hit the orc but do no damage.
The orc priest invokes the aid of Beogh against you.
Beogh smites you! The orc hits you but does no damage.
You closely miss the orc. The orc hits you but does no damage.
The orc priest mumbles some strange prayers to Beogh against you.
Beogh smites you!
* * * LOW HITPOINT WARNING * * *
You hit the orc but do no damage. The orc hits you but does no damage.
The orc priest calls down the wrath of Beogh upon you.
Beogh smites you!
You die...

#.# #. #.#
#. #.# # #.
#.# #. #.
#.# #.. #.
#.# ##...#.
#.#
......o###.#
.......o@..#
......o#####
##...## #..
... ##


You could see 2 orc priests and an orc.

Vanquished Creatures
  Menkaure (D:4)
  Edmund (D:4)
  2 ogres
  An orc wizard (D:5)
  Ijyb (D:3)
  A worker ant (D:4)
  A white imp (D:5)
  2 oozes (D:1)
  An adder zombie (D:5)
  6 worms
  A dart slug (D:1)
  2 leopard geckos
  4 orcs (D:3)
  7 giant cockroaches
  9 goblins
  6 hobgoblins
  3 jackals (D:1)
  7 kobolds
  3 quokkas (D:2)
  7 bats
  4 frilled lizards
  7 rats
77 creatures vanquished.

Notes
Turn   | Place    | Note
-------+----------+-------------------------------------------
     0 | D:1      | DogServant the Gargoyle Fighter began the quest for the
                  | Orb.
     0 | D:1      | Reached XP level 1. HP: 14/14 MP: 1/1
   252 | D:1      | Reached XP level 2. HP: 19/19 MP: 2/2
   355 | D:1      | Reached XP level 3. HP: 24/24 MP: 3/3
   558 | D:1      | Reached skill level 4 in Fighting
  1145 | D:2      | Reached XP level 4. HP: 29/29 MP: 4/4
  2276 | D:3      | Noticed Ijyb
  2294 | D:3      | Killed Ijyb
  2294 | D:3      | Reached XP level 5. HP: 34/34 MP: 5/5
  3284 | D:4      | Noticed an ogre
  3292 | D:4      | Killed an ogre
  3292 | D:4      | Reached skill level 5 in Fighting
  3653 | D:4      | Reached XP level 6. HP: 40/40 MP: 6/6
  3687 | D:4      | Noticed Menkaure
  3694 | D:4      | Killed Menkaure
  3791 | D:4      | Noticed Edmund
  3816 | D:4      | Killed Edmund
  3816 | D:4      | Reached skill level 6 in Fighting
  3816 | D:4      | Reached skill level 5 in Maces & Flails
  3816 | D:4      | Reached XP level 7. HP: 32/47 MP: 7/7
  4103 | D:5      | Entered Level 5 of the Dungeon
  4706 | D:5      | Killed from afar by an orc priest

Illustrated notes

Levels and vault maps discovered:
D:1:      matt_arrival_los_fun, layout_loops_corners, st_stairs_1,
          nrook_campfire
D:2:      layout_basic
D:3:      layout_basic, serial_rivers, chequers_serial_rivers_room_a,
          chequers_serial_rivers_micro_c, chequers_serial_rivers_room_a,
          chequers_serial_rivers_large_b, uniq_ijyb
D:4:      layout_loops_ring, kennysheep_donut, uniq_edmund, uniq_menkaure
D:5:      minmay_evil_eye, layout_loops_ring, dk_noncrumbling_2, tgw_xom

Skill      XL: |  1  2  3  4  5  6 |
---------------+-------------------+-----
Fighting       | 4 5 6 |  6.7
Maces & Flails | 3 4 5 |  5.5
Armour         | |  3.5
Shields        | |  3.5

Action                   |  1- 3 |  4- 6 |  7- 9 || total
-------------------------+-------+-------+-------++-------
Melee: Flail             |    99 |   163 |    27 ||   289
  Use: Scroll            |       |       |    15 ||    15
       Potion            |       |       |     1 ||     1
Armor: Scale mail        |    54 |    53 |       ||   107
       Skin              |       |     4 |       ||     4
       Plate armour      |       |    30 |    12 ||    42
Dodge: Dodged            |    24 |    38 |     1 ||    63
Block: Kite shield       |    48 |    63 |     9 ||   120

Table legend: (Time is in decaauts)
 A = Elapsed time spent in this place.
 B = Non-inter-level travel time spent in this place.
 C = Inter-level travel time spent in this place.
 D = Time resting spent in this place.
 E = Time spent auto-exploring this place.
 F = Levels seen in this place.
 G = Mean time per level.
                   A        B        C        D        E       F      G
               +--------+--------+--------+--------+--------+-----+--------+
         Total |   4863 |   4715 |    148 |    587 |   3380 |   5 |  972.6 |
       Dungeon |   4863 |   4715 |    148 |    587 |   3380 |   5 |  972.6 |
               +--------+--------+--------+--------+--------+-----+--------+

Top non-repeatable levels by time:
     D:3: 1417 daAuts
     D:2: 1058 daAuts
     D:1: 948 daAuts
     D:4: 831 daAuts
     D:5: 607 daAuts
